 Dungeon Crawl Stone Soup version 0.23-b1-13-gf37ab262a9 (webtiles) character file.

Game seed: 6886576706574331621

60 KamiKatze the Ruffian (level 4, -6/39 (40) HPs)
             Began as a Ghoul Monk on Feb 3, 2019.
             Mangled by an iguana (11 damage)
             ... on level 2 of the Dungeon.
             The game lasted 00:07:23 (1203 turns).

KamiKatze the Ruffian (Ghoul Monk)                  Turns: 1203, Time: 00:07:24

HP:   -6/39 (40)    AC:  3    Str: 15    XL:     4   Next: 6%
MP:   3/3           EV: 12    Int:  5    God:
Gold: 109           SH:  3    Dex: 11    Spells: 3/3 levels left

rFire    . . .     SeeInvis .     - Unarmed
rCold    + . .     Gourm    .   e - +0 buckler
rNeg     + + +     Faith    .   a - +0 leather armour
rPois    ∞         Spirit   .   (no helmet)
rElec    .         Reflect  .   (no cloak)
rCorr    .         Harm     .   (no gloves)
MR       .....                  (no boots)
Stlth    ++........             (no amulet)
HPRegen  0.00/turn              (no ring)
MPRegen  0.08/turn              (no ring)

@: rotting
A: rotting body, claws 1, carnivore, cold resistance 1, negative energy
resistance 3, inhibited regeneration, torment resistance, unbreathing
a: no special abilities


You were on level 2 of the Dungeon.
You were not hungry.

You visited 1 branch of the dungeon, and saw 2 of its levels.

You collected 109 gold pieces.

Inventory:

Missiles
 g - 2 tomahawks
 i - 45 stones (quivered)
Armour
 a - a +0 leather armour (worn)
 e - a +0 buckler (worn)
Scrolls
 c - 2 scrolls of remove curse
 j - a scroll of blinking {unknown}
 l - a scroll of amnesia {unknown}
Potions
 h - 2 potions of curing
 k - a potion of might
 m - a potion of brilliance {unknown}
Comestibles
 b - 4 rations


   Skills:
 + Level 3.7 Fighting
 + Level 1.1 Armour
 + Level 3.0 Dodging
 - Level 2.1 Stealth
 + Level 0.7 Shields
 * Level 4.1 Unarmed Combat


You had 3 spell levels left.
You didn't know any spells.
Your spell library was empty.

Dungeon Overview and Level Annotations

Branches:
Dungeon (2/15)

Altars:


Innate Abilities, Weirdness & Mutations

Your body is rotting away.
You thrive on raw meat.
You are immune to poison.
You have sharp fingernails.
You are carnivorous and can eat meat at any time.
Your flesh is cold resistant. (rC+)
You are immune to negative energy. (rN+++)
You do not regenerate when monsters are visible.
You are immune to unholy pain and torment.
You can survive without breathing.


Message History

The stone hits the iguana but does no damage.
Throwing (i - inventory. (/) - cycle)
i - 47 stones (quivered)
Press: ? - help, Shift-Dir - straight line, f/p - iguana
Aim: an iguana You throw a stone.
The stone hits the iguana but does no damage.
Throwing (i - inventory. (/) - cycle)
i - 46 stones (quivered)
Press: ? - help, Shift-Dir - straight line, f/p - iguana
Aim: an iguana You throw a stone.
The stone barely misses the iguana.
The iguana bites you!
You are too injured to fight recklessly!
You are too injured to fight recklessly!
You are too injured to fight recklessly!
You barely miss the iguana. The iguana closely misses you.
You closely miss the iguana. The iguana bites you!
* * * LOW HITPOINT WARNING * * *
You scratch the iguana.
The iguana is lightly wounded.
The iguana bites you!
You die...

#################
#...............#
#...<...........#
#)..............#
#...............#
#...............#
#.......?.@l...(#
#......?....(...#
######+#........#
#####..(†..
....(? .....(
..... .....


You could see an iguana.

Vanquished Creatures
  A worker ant (D:2)
  An ooze (D:1)
  2 leopard geckos (D:1)
  An orc (D:2)
  4 bats (D:1)
  A giant cockroach (D:1)
  4 goblins
  3 hobgoblins (D:1)
  4 jackals (D:1)
  3 kobolds (D:1)
  2 rats
26 creatures vanquished.

Notes
Turn   | Place    | Note
-------+----------+-------------------------------------------
     0 | D:1      | KamiKatze the Ghoul Monk began the quest for the Orb.
     0 | D:1      | Reached XP level 1. HP: 19/19 MP: 0/0
   123 | D:1      | Reached XP level 2. HP: 21/26 MP: 1/1
   461 | D:1      | Reached XP level 3. HP: 31/31 MP: 2/2
   994 | D:2      | Reached skill level 1 in Armour
  1057 | D:2      | Reached skill level 4 in Unarmed Combat
  1057 | D:2      | Reached XP level 4. HP: 13/40 MP: 3/3
  1203 | D:2      | Mangled by an iguana

Skill      XL: |  1  2  3 |
---------------+----------+-----
Dodging        | 3 |  3.0
Armour         | 1 |  1.1
Unarmed Combat | 4 |  4.1
Fighting       | |  3.7
Stealth        | |  2.1
Shields        | |  0.7

Action                   |  1- 3 |  4- 6 || total
-------------------------+-------+-------++-------
Melee: Unarmed           |    95 |     3 ||    98
Throw: Stone             |       |     7 ||     7
  Use: Scroll            |     4 |       ||     4
 Stab: Sleeping          |     2 |       ||     2
  Eat: Chunk             |    21 |       ||    21
Armor: Robe              |     6 |       ||     6
       Leather armour    |    17 |       ||    17
Dodge: Dodged            |    49 |     1 ||    50
Block: Buckler           |     7 |       ||     7
